 Dungeon Crawl Stone Soup version 0.22-a0-455-ga0624bf (webtiles) character file.

6805 pk666 the Thaumaturge (level 10, -4/50 HPs)
             Began as a Deep Elf Fire Elementalist on June 5, 2018.
             Was an Elder of Vehumet.
             Slain by a sixfirhy (12 damage)
             ... summoned by an obsidian statue
             ... on level 8 of the Dungeon on June 6, 2018.
             The game lasted 00:48:02 (10529 turns).

pk666 the Thaumaturge (Deep Elf Fire Elementalist) Turns: 10529, Time: 00:48:03

Health: -4/50      AC:  7    Str:  5    XL:     10   Next: 77%
Magic:  19/42      EV: 15    Int: 24    God:    Vehumet [****..]
Gold:   478        SH:  0    Dex: 15    Spells: 19/32 levels left

rFire    + . .     SeeInvis .   y - staff of power
rCold    + . .     Gourm    .   (no shield)
rNeg     . . .     Faith    .   I - +0 robe {rC+ rF+}
rPois    .         Spirit   .   (no helmet)
rElec    .         Reflect  .   F - +1 cloak
rCorr    .         Harm     .   (no gloves)
MR       +....                  d - +2 pair of boots
Stlth    +++.......             G - amulet of magic regeneration
HPRegen  0.16/turn              u - ring of stealth
MPRegen  0.53/turn              (no ring)

@: no status effects
A: no striking features
a: Renounce Religion


You were on level 8 of the Dungeon.
You worshipped Vehumet.
Vehumet was greatly pleased with you.
You were very hungry.

You visited 2 branches of the dungeon, and saw 9 of its levels.

You collected 478 gold pieces.

Inventory:

Armour
 d - a +2 pair of boots (worn)
 F - a +1 cloak (worn)
 I - a +0 robe of resistance (worn)
Magical Staves
 y - an uncursed staff of power (weapon)
Jewellery
 i - an uncursed ring of fire
 u - a ring of stealth (left hand)
 G - an amulet of magic regeneration (around neck)
 H - a +3 amulet of reflection
Wands
 e - a wand of digging (12)
 x - a wand of iceblast (11)
Scrolls
 f - 5 scrolls of remove curse
 h - 3 scrolls of teleportation
 j - a scroll of identify
 m - a scroll of blinking {unknown}
 p - 4 scrolls of noise
 q - 4 scrolls of magic mapping
 r - 2 scrolls of enchant weapon {unknown}
 s - a scroll of amnesia {unknown}
 v - a scroll of fog {unknown}
 A - a scroll of enchant armour {unknown}
 C - a scroll of immolation {unknown}
Potions
 b - 2 potions of resistance
 g - 3 potions of agility
 k - 3 potions of brilliance
 l - a potion of heal wounds
 n - a potion of flight
 o - a potion of lignification
 t - 4 potions of curing
 w - a potion of might {unknown}
 z - a potion of berserk rage {unknown}
 B - a potion of ambrosia {unknown}
 D - a potion of magic {unknown}
 E - a potion of cancellation {unknown}
 J - a potion of haste
Comestibles
 c - 18 rations


   Skills:
 + Level 5.3 Dodging
 - Level 2.4 Stealth
 + Level 11.8 Spellcasting
 + Level 10.7 Conjurations
 + Level 10.3 Fire Magic


You had 19 spell levels left.
You knew the following spells:

 Your Spells              Type           Power        Failure   Level  Hunger
a - Flame Tongue          Conj/Fire      #####        1%          1    None
b - Sticky Flame          Conj/Fire      ######..     1%          4    None
c - Conjure Flame         Conj/Fire      ######..     1%          3    None
z - Fireball              Conj/Fire      ######....   1%          5    ###....

Your spell library contained the following spells:

 Spells                   Type           Power        Failure   Level  Hunger
 Magic Dart               Conj           ####         1%          1    None
 Throw Flame              Conj/Fire      ######       1%          2    None
 Iskenderun's Mystic Bla  Conj           ######..     1%          4    None
 Inner Flame              Hex/Fire       #####...     1%          3    None
 Fulminant Prism          Conj/Hex       #####.....   1%          4    None
 Dazzling Spray           Conj/Hex       #####.       1%          3    None
 Force Lance              Conj/Tloc      #####...     1%          4    None
 Searing Ray              Conj           ######       1%          2    None


Dungeon Overview and Level Annotations

Branches:
Dungeon (8/15)             Temple (1/1) D:7
   Lair: D:8-11

Altars:
Ashenzari
Cheibriados
Dithmenos
Elyvilon
Fedhas
Gozag
Hepliaklqana
Kikubaaqudgha
Makhleb
Okawaru
Ru
Uskayaw
Vehumet
Wu Jian
Xom
Yredelemnul
Zin
The Shining One
Lugonu

Annotations:
D:2 Sigmund
D:8 exclusion: obsidian statue


Message History

Confirm with . or Enter, or press ? or * to list all spells.
Aiming: Fireball (safe; 1% risk of failure)
Press: ? - help, Shift-Dir - straight line The fireball explodes!
The fireball engulfs the obsidian statue.
The obsidian statue resists.
The obsidian statue is severely damaged.
The obsidian statue's eyes glow briefly.
You break out of your daze!
The sixfirhy barely misses you.
The teleport trap disappears.
The sixfirhy disappears!
The sixfirhy reappears nearby!
The sixfirhy hits you but does no damage.
The sixfirhy hits you! The sixfirhy shocks you! The sixfirhy barely misses you.
The sixfirhy hits you! The sixfirhy shocks you!
* * * LOW HITPOINT WARNING * * *
The sixfirhy hits you.
* * * LOW HITPOINT WARNING * * *
The sixfirhy shocks you!
You die...

**,,,,,** #.......#
#.......# #.......#
*#[.....### #####
##........# ##...#
#.......... #..#.#
#.......#.. #.@#.#
#.......#..
#.3#.#####........#
#..#..........#####
#..##.#########
#.5##...##
#..####..# #.4##
##.#
#...####.######
#...##........#


You could see a rust devil, a sixfirhy and a crimson imp.

Vanquished Creatures
  The ghost of MisterFreud the Cleaver, a novice FoFi of Okawaru (D:8)
  The ghost of iamserjio the Skirmisher, a novice OgIE of Kikubaaqudgha (D:4)
  Pikel (D:4)
  Grinder (D:3)
  4 hippogriffs
  Eustachio (D:5)
  4 yaks (D:7)
  The ghost of KristoblXynda the Chopper, an amateur DDFi (D:3)
  2 orc warriors
  2 slaves (D:3)
  2 ice beasts
  A phantom (D:5)
  A sky beast (D:5)
  5 ogres
  A necrophage (D:7)
  3 centaurs
  6 bullfrogs
  2 gnoll sergeants
  A scorpion (D:6)
  A bullfrog zombie (D:5)
  2 hounds
  11 orc wizards
  Crazy Yiuf (D:7)
  A centaur zombie (D:8)
  A jelly (D:5)
  6 orc priests
  A centaur skeleton (D:4)
  Jessica (D:2)
  Natasha (twice) (D:2)
  4 bullfrog skeletons
  4 iguanas
  Ijyb (D:5)
  Terence (D:2)
  8 worker ants
  A worker ant zombie (D:6)
  Robin (D:2)
  16 gnolls
  A howler monkey skeleton (D:5)
  6 adders
  2 shadow imps
  2 oozes
  An adder zombie (D:4)
  An adder skeleton (D:7)
  3 worms
  7 leopard geckos
  32 orcs
  A ball python (D:1)
  2 bat zombies (D:5)
  2 giant cockroaches
  20 goblins
  8 hobgoblins
  11 jackals
  7 quokkas
  4 bats
  3 frilled lizards
  A jackal skeleton (D:6)
  8 kobolds
  A leopard gecko zombie (D:6)
  A quokka skeleton (D:6)
  4 rats
  2 rat zombies (D:5)
  A spectral orc (D:4)
234 creatures vanquished.

Vanquished Creatures (others)
  A bush (D:5)
1 creature vanquished.

Grand Total: 235 creatures vanquished

Notes
Turn   | Place    | Note
-------+----------+-------------------------------------------
     0 | D:1      | pk666 the Deep Elf Fire Elementalist began the quest for the Orb.
     0 | D:1      | Reached XP level 1. HP: 10/10 MP: 6/6
   212 | D:1      | Reached XP level 2. HP: 15/15 MP: 2/8
   652 | D:1      | Reached XP level 3. HP: 19/19 MP: 6/10
  1218 | D:2      | Found an iron altar of Okawaru.
  1288 | D:2      | Noticed Jessica
  1343 | D:2      | Noticed Terence
  1439 | D:1      | Learned a level 3 spell: Conjure Flame
  1455 | D:2      | Noticed Robin
  1528 | D:2      | Reached XP level 4. HP: 24/24 MP: 1/11
  1720 | D:2      | Reached skill level 4 in Spellcasting
  1814 | D:2      | Killed Robin
  1894 | D:2      | Killed Terence
  1898 | D:2      | Reached XP level 5. HP: 25/28 MP: 2/13
  2064 | D:2      | Killed Jessica
  2137 | D:2      | Noticed Natasha
  2147 | D:2      | Killed Natasha
  2308 | D:2      | Noticed Sigmund
  2478 | D:2      | Found a shimmering altar of Xom.
  2559 | D:3      | Noticed KristoblXynda's ghost (amateur DDFi)
  2676 | D:2      | Noticed Natasha
  2684 | D:2      | Killed Natasha
  2748 | D:2      | Found a glowing silver altar of Zin.
  2983 | D:3      | Found a hazy altar of Hepliaklqana.
  3006 | D:3      | Reached XP level 6. HP: 32/32 MP: 10/15
  3066 | D:3      | Reached skill level 5 in Spellcasting
  3263 | D:3      | Noticed a hippogriff
  3270 | D:3      | Killed a hippogriff
  3270 | D:3      | Reached skill level 5 in Conjurations
  3270 | D:3      | Reached skill level 5 in Fire Magic
  3350 | D:3      | Killed KristoblXynda's ghost
  3350 | D:3      | Reached XP level 7. HP: 36/36 MP: 4/17
  3652 | D:3      | Found a radiant altar of Vehumet.
  3660 | D:3      | Became a worshipper of Vehumet
  3987 | D:3      | Reached skill level 6 in Spellcasting
  4184 | D:4      | Noticed Pikel
  4326 | D:3      | Learned a level 4 spell: Sticky Flame
  4332 | D:3      | Learned a level 5 spell: Fireball
  4377 | D:4      | Noticed Grinder
  4548 | D:4      | Noticed iamserjio's ghost (novice OgIE)
  4556 | D:4      | Killed iamserjio's ghost
  4556 | D:4      | Reached skill level 7 in Spellcasting
  4556 | D:4      | Reached XP level 8. HP: 13/41 MP: 4/20
  4888 | D:3      | Killed Grinder
  5041 | D:4      | Killed Pikel
  5041 | D:4      | Reached skill level 8 in Spellcasting
  5191 | D:4      | Reached XP level 9. HP: 44/45 MP: 5/23
  5196 | D:4      | Reached * piety under Vehumet
  5196 | D:4      | Offered knowledge of Sting by Vehumet.
  5536 | D:4      | Found a basalt altar of Yredelemnul.
  5574 | D:5      | Entered Level 5 of the Dungeon
  5574 | D:5      | Noticed Eustachio
  5585 | D:5      | Killed Eustachio
  5585 | D:5      | Reached skill level 9 in Spellcasting
  5758 | D:5      | Noticed Ijyb
  5774 | D:5      | Killed Ijyb
  6078 | D:5      | Found an ancient bone altar of Kikubaaqudgha.
  6484 | D:5      | Reached ** piety under Vehumet
  6486 | D:5      | Reached skill level 10 in Spellcasting
  6487 | D:5      | Offered knowledge of Throw Frost by Vehumet.
  7229 | D:6      | Found a sacrificial altar of Ru.
  7528 | D:6      | Found a sacrificial altar of Ru.
  7844 | D:6      | Found a burning altar of Makhleb.
  8140 | D:7      | Found a staircase to the Ecumenical Temple.
  8147 | D:7      | Offered knowledge of Ignite Poison by Vehumet.
  8241 | D:7      | Reached XP level 10. HP: 50/50 MP: 26/26
  8343 | D:7      | Reached *** piety under Vehumet
  8347 | D:7      | Reached skill level 10 in Conjurations
  8348 | D:7      | Reached skill level 11 in Spellcasting
  8416 | Temple   | Entered the Ecumenical Temple
  8995 | D:7      | Offered knowledge of Throw Icicle by Vehumet.
  9198 | D:7      | Found a runed door.
  9202 | D:7      | Noticed Crazy Yiuf
  9205 | D:7      | Killed Crazy Yiuf
  9586 | D:8      | Reached skill level 10 in Fire Magic
  9656 | D:8      | Noticed MisterFreud's ghost (novice FoFi)
  9661 | D:8      | Killed MisterFreud's ghost
  9661 | D:8      | Reached skill level 5 in Dodging
 10039 | D:8      | Reached **** piety under Vehumet
 10084 | D:8      | Noticed an obsidian statue
 10521 | D:8      | Noticed a sixfirhy
 10521 | D:8      | Noticed a rust devil
 10529 | D:8      | Slain by a sixfirhy

Vault maps used:
D:1:      dpeg_arrival_morbid_curiosity
D:2:      old_standard_altar, overflow_temple_1_default, lemuel_blue_sif_altar,
          zin_treasury, first_ration, serial_bayou_pond_e, uniq_sigmund,
          uniq_robin, uniq_jessica, uniq_natasha, uniq_terence
D:3:      fiery_altar_vehumet, overflow_temple_1_default
D:4:      yredelemnul_forgotten_temple_becter, uniq_grinder, uniq_pikel
D:5:      lemuel_zombie_altar_kikubaaqudgha, kb_lookout_dungeons_type,
          uniq_ijyb, uniq_eustachio
D:6:      lemuel_round_altar, kennysheep_little_box,
          nicolae_ru_sacrificial_ziggurat
D:7:      minmay_temple_entry_junction, uniq_crazy_yiuf_cottage
D:8:      minmay_statue_hallways, minitemple
Temple:   corrupted_temple

Skill      XL: |  1  2  3  4  5  6  7  8  9 10 |
---------------+-------------------------------+-----
Conjurations   | 2 3 4 6 7 8 9 10 | 10.7
Spellcasting   | 4 5 7 8 10 11 | 11.8
Fire Magic     | 4 5 6 7 9 10 | 10.3
Dodging        | 5 |  5.3
Stealth        | |  2.4

Action                   |  1- 3 |  4- 6 |  7- 9 | 10-12 || total
-------------------------+-------+-------+-------+-------++-------
Melee: Staff             |       |       |     3 |     5 ||     8
 Cast: Flame Tongue      |    80 |   101 |   277 |    71 ||   529
       Conjure Flame     |     1 |     6 |    22 |     4 ||    33
       Fireball          |       |       |    14 |    73 ||    87
       Sticky Flame      |       |       |       |    13 ||    13
  Use: Scroll            |       |       |     7 |     6 ||    13
       Potion            |       |       |       |     1 ||     1
  Eat: Chunk             |     2 |     6 |    17 |    11 ||    36
       Ration            |       |       |       |     1 ||     1
Armor: Robe              |     4 |     7 |    13 |    10 ||    34
       Skin              |       |       |       |     4 ||     4
Dodge: Dodged            |    25 |    28 |    41 |    35 ||   129

Table legend:
 A = Spawn XP
 B = Non-spawn XP
 C = Spawn XP percentage of total XP
 D = Spawn monster count
 E = Non-spawn monster count
 F = Spawn count percentage of total count
 G = Total turns spent on level
                    A         B        C        D         E        F      G
               +---------+---------+-------+---------+---------+-------+---------
         Total |       0 |    9722 |   0.0 |       0 |     232 |   0.0 | 10529
               +---------+---------+-------+---------+---------+-------+---------
           D:1 |       0 |      78 |   0.0 |       0 |      35 |   0.0 |  1691
           D:2 |       0 |     286 |   0.0 |       0 |      31 |   0.0 |   986
           D:3 |       0 |     857 |   0.0 |       0 |      17 |   0.0 |  2179
           D:4 |       0 |    1701 |   0.0 |       0 |      22 |   0.0 |   770
           D:5 |       0 |    1338 |   0.0 |       0 |      32 |   0.0 |  1246
           D:6 |       0 |    1129 |   0.0 |       0 |      30 |   0.0 |  1236
           D:7 |       0 |    2498 |   0.0 |       0 |      39 |   0.0 |  1332
           D:8 |       0 |    1835 |   0.0 |       0 |      26 |   0.0 |   857
               +---------+---------+-------+---------+---------+-------+---------
